TOP OF THE 1ST |
Windy City ThunderBolts batting - Pitching for Chester Pirates : RHP Eric Bourque
|
Pitching: RHP Eric Bourque
|
|
Batting: SHB Jay Gagnon
|
0-0: Ground out 1-3 (Groundball, P, EV 75.0 MPH)
|
Batting: RHB Ching-hsia Zhang
|
0-0: Foul Ball, location: 2F 0-1: Ground out U3 (Groundball, 34, EV 83.8 MPH)
|
Batting: SHB Ethan Villalobos
|
0-0: Swinging Strike 0-1: Foul Ball, location: 2F 0-2: Foul Ball, location: 2F 0-2: Ball 1-2: Strikes out swinging, 2-3 out at first.
|
Top of the 1st over - 0 runs, 0 hits, 0 errors, 0 left on base; Windy City 0 - Chester 0 |
BOTTOM OF THE 1ST |
Chester Pirates batting - Pitching for Windy City ThunderBolts : RHP Nate Woodard
|
Pitching: RHP Nate Woodard
|
|
Batting: RHB Terrence Wilson
|
0-0: Called Strike 0-1: SINGLE (Line Drive, 6MD, EV 110.0 MPH)
|
Batting: RHB Tim Moore
|
0-0: Ball 1-0: SINGLE (Line Drive, 9S, EV 104.4 MPH) Terrence Wilson to second
|
Batting: LHB Carlos Vega
|
0-0: Called Strike 0-1: SINGLE (Groundball, 4MD, EV 104.4 MPH) Terrence Wilson to third Tim Moore to second Runner from 3rd tries for Home, SAFE, throw by CF to home
|
Batting: RHB Jeff Edwards
|
0-0: Ball 1-0: Ball 2-0: Ball 3-0: Foul Ball, location: 2F 3-1: 3-RUN HOME RUN (Flyball, 78XD, EV 113.1 MPH), Distance : 433 ft
|
Batting: LHB Dustin Herman
|
0-0: Fly out, F8 (Line Drive, 8RM, EV 88.8 MPH)
|
Batting: LHB Chad Cutler
|
0-0: Ball 1-0: Foul Ball, location: 2F 1-1: Foul Ball, location: 2F 1-2: Fly out, F7 (Flyball, 7S, EV 90.0 MPH)
|
Batting: RHB Dan Kurtz
|
0-0: Ball 1-0: Ball 2-0: Ball 3-0: Called Strike 3-1: Foul Ball, location: 2F 3-2: Base on Balls
|
Batting: RHB Steve Terres
|
0-0: Called Strike 0-1: Ball 1-1: Ball 2-1: Called Strike 2-2: Ground out 5-3 (Groundball, 56, EV 90.6 MPH)
|
Bottom of the 1st over - 4 runs, 4 hits, 0 errors, 1 left on base; Windy City 0 - Chester 4 |
TOP OF THE 2ND |
Windy City ThunderBolts batting - Pitching for Chester Pirates : RHP Eric Bourque
|
Batting: RHB Mike Zern
|
0-0: Ball 1-0: Swinging Strike 1-1: Foul Ball, location: 2F 1-2: Ball 2-2: Strikes out swinging
|
Batting: RHB Russ Cornett
|
0-0: Ball 1-0: Foul Ball, location: 2F 1-1: Foul Ball, location: 2F 1-2: Ball 2-2: Ball 3-2: SINGLE (Groundball, 56S, EV 71.2 MPH) (infield hit)
|
Batting: RHB Tommy Ellington
|
0-0: Foul Ball, location: 2F 0-1: Ball 1-1: Ball 2-1: SINGLE (Line Drive, 5D, EV 96.9 MPH) Russ Cornett to second
|
Batting: RHB John DeVillier
|
0-0: Ball 1-0: Called Strike 1-1: Fielders Choice at 2nd, 6-4 (Groundball, 6, EV 98.1 MPH) Russ Cornett to third
|
Batting: SHB Jose Romo
|
0-0: Fly out, F6 (Line Drive, 6, EV 73.1 MPH)
|
Top of the 2nd over - 0 runs, 2 hits, 0 errors, 2 left on base; Windy City 0 - Chester 4 |
BOTTOM OF THE 2ND |
Chester Pirates batting - Pitching for Windy City ThunderBolts : RHP Nate Woodard
|
Batting: RHB Erik Mulligan
|
0-0: Swinging Strike 0-1: Called Strike 0-2: Ball 1-2: Ball 2-2: Strikes out swinging
|
Batting: RHB Terrence Wilson
|
0-0: Ball 1-0: Ball 2-0: Ground out 6-3 (Groundball, 6, EV 85.6 MPH)
|
Batting: RHB Tim Moore
|
0-0: Called Strike 0-1: SINGLE (Line Drive, 9S, EV 113.1 MPH)
|
Batting: LHB Carlos Vega
|
0-0: Ball 1-0: Ball 2-0: Ball 3-0: Called Strike 3-1: Fly out, F7 (Flyball, 7S, EV 84.4 MPH)
|
Bottom of the 2nd over - 0 runs, 1 hit, 0 errors, 1 left on base; Windy City 0 - Chester 4 |
TOP OF THE 3RD |
Windy City ThunderBolts batting - Pitching for Chester Pirates : RHP Eric Bourque
|
Batting: RHB Enrique Gomez
|
0-0: Called Strike 0-1: Foul Ball, location: 2F 0-2: Strikes out swinging
|
Batting: SHB Jay Gagnon
|
0-0: Ball 1-0: TRIPLE (Flyball, 89XD, EV 95.0 MPH)
|
Batting: RHB Ching-hsia Zhang
|
0-0: Foul Ball, location: 2F 0-1: Foul Ball, location: 2F 0-2: Ball 1-2: Foul Ball, location: 2F 1-2: Ball 2-2: Foul Ball, location: 2F 2-2: Ball 3-2: Foul Ball, location: 2F 3-2: Foul Ball, location: 2F 3-2: Strikes out swinging
|
Batting: SHB Ethan Villalobos
|
0-0: Ball 1-0: Called Strike 1-1: Foul Ball, location: 2F 1-2: Ball 2-2: Ball 3-2: Strikes out looking
|
Top of the 3rd over - 0 runs, 1 hit, 0 errors, 1 left on base; Windy City 0 - Chester 4 |
BOTTOM OF THE 3RD |
Chester Pirates batting - Pitching for Windy City ThunderBolts : RHP Nate Woodard
|
Batting: RHB Jeff Edwards
|
0-0: Foul Ball, location: 2F 0-1: Swinging Strike 0-2: Ball 1-2: SINGLE (Groundball, 4MD, EV 96.2 MPH)
|
Batting: LHB Dustin Herman
|
0-0: Ball 1-0: Ball 2-0: Called Strike 2-1: TRIPLE (Line Drive, 89XD, EV 110.0 MPH) Jeff Edwards scores
|
Batting: LHB Chad Cutler
|
0-0: Hit by Pitch
|
Batting: RHB Dan Kurtz
|
0-0: Called Strike 0-1: Fly out, F4 (Popup, 34, EV 80.0 MPH)
|
Batting: RHB Steve Terres
|
0-0: Ball 1-0: Called Strike 1-1: Swinging Strike 1-2: Grounds into double play, 4-6-3 (Groundball, 4MS, EV 86.9 MPH)
|
Bottom of the 3rd over - 1 run, 2 hits, 0 errors, 1 left on base; Windy City 0 - Chester 5 |
TOP OF THE 4TH |
Windy City ThunderBolts batting - Pitching for Chester Pirates : RHP Eric Bourque
|
Batting: RHB Mike Zern
|
0-0: Foul Ball, location: 2F 0-1: Ball 1-1: Foul Ball, location: 2F 1-2: Ball 2-2: Ball 3-2: Ground out 6-3 (Groundball, 6, EV 83.8 MPH)
|
Batting: RHB Russ Cornett
|
0-0: Foul Ball, location: 2F 0-1: Called Strike 0-2: Foul Ball, location: 2F 0-2: Ground out 6-3 (Groundball, 6, EV 107.5 MPH)
|
Batting: RHB Tommy Ellington
|
0-0: Swinging Strike 0-1: Ball 1-1: Foul Ball, location: 2F 1-2: Ball 2-2: Fly out, F1 (Line Drive, P, EV 73.1 MPH)
|
Top of the 4th over - 0 runs, 0 hits, 0 errors, 0 left on base; Windy City 0 - Chester 5 |
BOTTOM OF THE 4TH |
Chester Pirates batting - Pitching for Windy City ThunderBolts : RHP Nate Woodard
|
Batting: RHB Erik Mulligan
|
0-0: Fly out, F9 (Flyball, 89M, EV 91.2 MPH)
|
Batting: RHB Terrence Wilson
|
0-0: Called Strike 0-1: Called Strike 0-2: Ball 1-2: Ground out 4-3 (Groundball, 4MD, EV 106.9 MPH)
|
Batting: RHB Tim Moore
|
0-0: Ball 1-0: Ball 2-0: Ball 3-0: Called Strike 3-1: Swinging Strike 3-2: Strikes out looking
|
Bottom of the 4th over - 0 runs, 0 hits, 0 errors, 0 left on base; Windy City 0 - Chester 5 |
TOP OF THE 5TH |
Windy City ThunderBolts batting - Pitching for Chester Pirates : RHP Eric Bourque
|
Batting: RHB John DeVillier
|
0-0: Ball 1-0: Foul Ball, location: 2F 1-1: Ball 2-1: Foul Ball, location: 2F 2-2: Ball 3-2: SINGLE (Groundball, 56S, EV 63.1 MPH) (infield hit)
|
Batting: SHB Jose Romo
|
0-0: Ball 1-0: Swinging Strike 1-1: Called Strike 1-2: Ball 2-2: Foul Ball, location: 2F 2-2: Foul Ball, location: 2F 2-2: Strikes out swinging
|
Batting: RHB Enrique Gomez
|
0-0: Foul Ball, location: 2F 0-1: Ball 1-1: Ball 2-1: Swinging Strike 2-2: Ball 3-2: Foul Ball, location: 2F 3-2: Strikes out swinging
|
Batting: SHB Jay Gagnon
|
0-0: Foul Ball, location: 2F 0-1: Ball 1-1: Swinging Strike 1-2: Strikes out looking
|
Top of the 5th over - 0 runs, 1 hit, 0 errors, 1 left on base; Windy City 0 - Chester 5 |
BOTTOM OF THE 5TH |
Chester Pirates batting - Pitching for Windy City ThunderBolts : RHP Nate Woodard
|
Batting: LHB Carlos Vega
|
0-0: Foul Ball, location: 2F 0-1: Ball 1-1: Foul Ball, location: 2F 1-2: SINGLE (Groundball, 4D, EV 96.9 MPH)
|
Batting: RHB Jeff Edwards
|
0-0: Grounds into double play, 5-4-3 (Groundball, 56S, EV 91.9 MPH)
|
Batting: LHB Dustin Herman
|
0-0: Ball 1-0: Foul Ball, location: 2F 1-1: Foul Ball, location: 2F 1-2: SINGLE (Flyball, 9LS, EV 86.9 MPH)
|
Batting: LHB Chad Cutler
|
0-0: Called Strike 0-1: Called Strike 0-2: Ground out 1-3 (Groundball, 13S, EV 68.8 MPH)
|
Bottom of the 5th over - 0 runs, 2 hits, 0 errors, 1 left on base; Windy City 0 - Chester 5 |
TOP OF THE 6TH |
Windy City ThunderBolts batting - Pitching for Chester Pirates : RHP Eric Bourque
|
Batting: RHB Ching-hsia Zhang
|
0-0: Ball 1-0: Foul Ball, location: 2F 1-1: Ball 2-1: Foul Ball, location: 2F 2-2: Ball 3-2: Foul Ball, location: 7LSF, Error on foul ball, E7 3-2: DOUBLE (Line Drive, 78XD, EV 106.9 MPH)
|
Batting: SHB Ethan Villalobos
|
0-0: DOUBLE (Line Drive, 78M, EV 96.2 MPH) Ching-hsia Zhang scores
|
Batting: RHB Mike Zern
|
0-0: Foul Ball, location: 2F 0-1: Foul Ball, location: 2F 0-2: Ball 1-2: Ball 2-2: Ball 3-2: Foul Ball, location: 2F 3-2: Foul Ball, location: 2F 3-2: DOUBLE (Line Drive, 8RXD, EV 110.0 MPH) Ethan Villalobos scores
|
Pitching: RHP Tony Ortiz
|
|
Batting: RHB Russ Cornett
|
0-0: Ball 1-0: Ball 2-0: Foul Ball, location: 2F 2-1: Ball 3-1: Swinging Strike 3-2: Foul Ball, location: 2F 3-2: Base on Balls
|
Batting: RHB Tommy Ellington
|
0-0: Called Strike 0-1: Ball 1-1: Foul Ball, location: 2F 1-2: Strikes out looking
|
Batting: RHB John DeVillier
|
0-0: Called Strike 0-1: Ball 1-1: Ball 2-1: Called Strike 2-2: Ball 3-2: Strikes out swinging
|
Pitching: LHP Adam Clarke
|
|
Batting: SHB Jose Romo
|
0-0: Called Strike 0-1: Ball 1-1: Ball 2-1: Ball 3-1: Hit by Pitch Mike Zern to third Russ Cornett to second
|
Batting: RHB Enrique Gomez
|
0-0: Ball 1-0: Ground out 4-3 (Groundball, 4, EV 108.8 MPH)
|
Top of the 6th over - 2 runs, 3 hits, 1 error, 3 left on base; Windy City 2 - Chester 5 |
BOTTOM OF THE 6TH |
Chester Pirates batting - Pitching for Windy City ThunderBolts : RHP Nate Woodard
|
Pitching: RHP Ron Knowles
|
|
Pinch Hitting: SHB Don Hauk
|
0-0: Called Strike 0-1: Swinging Strike 0-2: Reached on error, E4 (Groundball, 4, EV 90.6 MPH)
|
Batting: RHB Steve Terres
|
0-0: Ball 1-0: Ball 2-0: Foul Ball, location: 2F 2-1: Foul Ball, location: 2F 2-2: Foul Ball, location: 2F 2-2: Fielders Choice at 2nd, 6-4 (Groundball, 56, EV 97.5 MPH)
|
Batting: RHB Erik Mulligan
|
0-0: Ball 1-0: Ball 2-0: Ball 3-0: Called Strike 3-1: Base on Balls Steve Terres to second
|
Batting: RHB Terrence Wilson
|
0-0: 3-RUN HOME RUN (Flyball, 7D, EV 100.6 MPH), Distance : 391 ft
|
Pitching: RHP Toyotoshi Matsui
|
|
Batting: RHB Tim Moore
|
0-0: Ball 1-0: Swinging Strike 1-1: Called Strike 1-2: Strikes out swinging
|
Batting: LHB Carlos Vega
|
0-0: Foul Ball, location: 2F 0-1: Fly out, F8 (Flyball, 8LXD, EV 96.9 MPH)
|
Bottom of the 6th over - 3 runs, 1 hit, 1 error, 0 left on base; Windy City 2 - Chester 8 |
TOP OF THE 7TH |
Windy City ThunderBolts batting - Pitching for Chester Pirates : LHP Adam Clarke
|
Now at 3B: Ken Manser
|
|
Batting: SHB Jay Gagnon
|
0-0: Foul Ball, location: 2F 0-1: Swinging Strike 0-2: Ball 1-2: SINGLE (Groundball, 6M, EV 103.1 MPH) (infield hit)
|
Batting: RHB Ching-hsia Zhang
|
0-0: Called Strike 0-1: Fielders Choice at 2nd, 6-4 (Groundball, 6, EV 80.6 MPH)
|
Batting: SHB Ethan Villalobos
|
0-0: Called Strike 0-1: Ball 1-1: Ball 2-1: Foul Ball, location: 2F 2-2: Ball 3-2: SINGLE (Line Drive, 78M, EV 100.6 MPH) Ching-hsia Zhang to second Ching-hsia Zhang to third
|
Batting: RHB Mike Zern
|
0-0: Grounds into double play, 4-6-3 (Groundball, 4, EV 86.2 MPH)
|
Top of the 7th over - 0 runs, 2 hits, 0 errors, 1 left on base; Windy City 2 - Chester 8 |
BOTTOM OF THE 7TH |
Chester Pirates batting - Pitching for Windy City ThunderBolts : RHP Toyotoshi Matsui
|
Batting: RHB Jeff Edwards
|
0-0: Ball 1-0: Ball 2-0: Ball 3-0: Base on Balls
|
Batting: LHB Dustin Herman
|
0-0: Ball 1-0: Ground out 4-3 (Groundball, 4S, EV 68.8 MPH) Jeff Edwards to second
|
Batting: LHB Chad Cutler
|
0-0: 2-RUN HOME RUN (Flyball, 9LD, EV 96.2 MPH), Distance : 383 ft
|
Batting: RHB Ken Manser
|
0-0: Called Strike 0-1: Swinging Strike 0-2: Ball 1-2: Ball 2-2: Strikes out swinging
|
Batting: RHB Steve Terres
|
0-0: Ground out U3 (Groundball, 34, EV 89.4 MPH)
|
Bottom of the 7th over - 2 runs, 1 hit, 0 errors, 0 left on base; Windy City 2 - Chester 10 |
TOP OF THE 8TH |
Windy City ThunderBolts batting - Pitching for Chester Pirates : LHP Adam Clarke
|
Batting: RHB Russ Cornett
|
0-0: Called Strike 0-1: Ball 1-1: Swinging Strike 1-2: Ball 2-2: Ball 3-2: Base on Balls
|
Batting: RHB Tommy Ellington
|
0-0: Called Strike 0-1: Fly out, F7 (Flyball, 78M, EV 90.0 MPH)
|
Batting: RHB John DeVillier
|
0-0: Ball 1-0: Ball 2-0: Ball 3-0: Base on Balls Russ Cornett to second
|
Batting: SHB Jose Romo
|
0-0: Ball 1-0: SINGLE (Flyball, 8LS, EV 91.9 MPH) Russ Cornett to third John DeVillier to second Runner from 3rd tries for Home, throw by CF and OUT! 8-2
|
Batting: RHB Enrique Gomez
|
0-0: Ball 1-0: Ground out 1-3 (Groundball, P, EV 61.9 MPH)
|
Top of the 8th over - 0 runs, 1 hit, 0 errors, 2 left on base; Windy City 2 - Chester 10 |
BOTTOM OF THE 8TH |
Chester Pirates batting - Pitching for Windy City ThunderBolts : RHP Toyotoshi Matsui
|
Pinch Hitting: RHB Dave Fredericks
|
0-0: Ball 1-0: Ball 2-0: Called Strike 2-1: Ball 3-1: Fly out, F9 (Flyball, 89M, EV 81.2 MPH)
|
Batting: RHB Terrence Wilson
|
0-0: Ball 1-0: Ball 2-0: Called Strike 2-1: Foul Ball, location: 2F 2-2: Ball 3-2: Foul Ball, location: 2F 3-2: Foul Ball, location: 2F 3-2: Strikes out swinging
|
Pinch Hitting: LHB Josh Aerni
|
0-0: Ball 1-0: Called Strike 1-1: SINGLE (Groundball, 34D, EV 101.2 MPH)
|
Batting: LHB Carlos Vega
|
0-0: Called Strike 0-1: Foul Ball, location: 2F 0-2: Hit by Pitch Josh Aerni to second
|
Pinch Hitting: RHB Melvin Durland
|
0-0: Swinging Strike 0-1: Swinging Strike 0-2: Strikes out swinging
|
Bottom of the 8th over - 0 runs, 1 hit, 0 errors, 2 left on base; Windy City 2 - Chester 10 |
TOP OF THE 9TH |
Windy City ThunderBolts batting - Pitching for Chester Pirates : LHP Adam Clarke
|
Now at 1B: Josh Aerni
|
|
Now at 2B: Alex Arzate
|
|
Now in LF: Melvin Durland
|
|
Batting: SHB Jay Gagnon
|
0-0: Foul Ball, location: 2F 0-1: Ball 1-1: Ball 2-1: Foul Ball, location: 2F 2-2: Foul Ball, location: 2F 2-2: Foul Ball, location: 2F 2-2: SINGLE (Groundball, 34D, EV 106.2 MPH)
|
Batting: RHB Ching-hsia Zhang
|
0-0: Swinging Strike 0-1: Ball 1-1: Called Strike 1-2: Ball 2-2: Fly out, F6 (Line Drive, 6, EV 74.4 MPH)
|
Batting: SHB Ethan Villalobos
|
0-0: Ball 1-0: Swinging Strike 1-1: Ball 2-1: Ball 3-1: Foul Ball, location: 2F 3-2: Base on Balls Jay Gagnon to second
|
Pitching: RHP Andres Guillen
|
|
Batting: RHB Mike Zern
|
0-0: Ball 1-0: Ball 2-0: Ball 3-0: Called Strike 3-1: Foul Ball, location: 2F 3-2: Base on Balls Jay Gagnon to third Ethan Villalobos to second
|
Batting: RHB Russ Cornett
|
0-0: Called Strike 0-1: Ball 1-1: Called Strike 1-2: Strikes out swinging
|
Batting: RHB Tommy Ellington
|
0-0: Ball 1-0: Called Strike 1-1: Called Strike 1-2: Ball 2-2: Ball 3-2: SINGLE (Groundball, 6MD, EV 96.2 MPH) Jay Gagnon scores Ethan Villalobos to third Mike Zern to second Ethan Villalobos scores Mike Zern to third
|
Batting: RHB John DeVillier
|
0-0: Called Strike 0-1: Foul Ball, location: 2F 0-2: Fielders Choice at 2nd, 6-4 (Groundball, 6, EV 77.5 MPH)
|
Top of the 9th over - 2 runs, 2 hits, 0 errors, 2 left on base; Windy City 4 - Chester 10 |
|